 Dungeon Crawl Stone Soup version 0.31.0-12-g77e489cdc1 (webtiles) character file.

Game seed: 14725575260492775737

2440 112233 the Thaumaturge (level 9, -3/39 HPs)
             Began as a Felid Conjurer on Feb 17, 2024.
             Was an Elder of Vehumet.
             Slain by an orc warrior
             ... wielding a +0 war axe
              (6 damage)
             ... on level 7 of the Dungeon.
             The game lasted 00:08:00 (8354 turns).

112233 the Thaumaturge (Felid Conjurer)             Turns: 8354, Time: 00:08:01

Health: -3/39      AC:  2    Str:  3    XL:     9   Next: 25%
Magic:  23/23      EV: 17    Int: 27    God:    Vehumet [****..]
Gold:   350        SH:  0    Dex: 14    Spells: 14/26 levels left
                                        Lives:  0   Deaths: 3

rFire   . . .        (weapon unavailable)
rCold   . . .        (shield unavailable)
rNeg    . . .        (body armour unavailable)
rPois   .            (helmet unavailable)
rElec   .            (cloak unavailable)
rCorr   .            (gloves unavailable)
SInv    +            (boots unavailable)
Will    +....        (no amulet)
Stlth   ++           (no ring)
HPRegen 0.26/turn    (no ring)
MPRegen 0.18/turn

%: no passive effects
@: no status effects
A: very small, claws 1, fangs 3, see invisible, shaggy fur 2, stealthy paws, no
weapons or thrown items, no armour, multi-lived
a: Renounce Religion


You were on level 7 of the Dungeon.
You worshipped Vehumet.
Vehumet was greatly pleased with you.
You visited 2 branches of the dungeon, and saw 8 of its levels.
You also visited: Ossuary.

You collected 350 gold pieces.

Inventory:

Jewellery
 x - a ring of flight
Wands
 j - a wand of light (17)
 t - a wand of polymorph (4)
Scrolls
 e - 3 scrolls of teleportation {unknown}
 f - 5 scrolls of fog {unknown}
 g - 3 scrolls of fear {unknown}
 i - 3 scrolls of poison {unknown}
 k - a scroll of amnesia {unknown}
 l - 2 scrolls of blinking {unknown}
 m - 11 scrolls of identify {unknown}
 n - 3 scrolls of revelation {unknown}
 o - 5 scrolls of noise {unknown}
 r - a scroll of enchant armour {unknown}
 v - a scroll of butterflies
Potions
 a - a potion of magic
 b - 6 potions of curing
 c - 3 potions of lignification
 d - 4 potions of haste {unknown}
 h - 4 potions of degeneration {unknown}
 p - 3 potions of invisibility {unknown}
 q - a potion of ambrosia {unknown}
 s - a potion of berserk rage {unknown}
 u - a potion of brilliance {unknown}
 w - a potion of attraction {unknown}


   Skills:
 - Level 3.0 Dodging
 - Level 3.0 Stealth
 + Level 9.1 Spellcasting
 + Level 8.1 Conjurations


You had 14 spell levels left.
You knew the following spells:

 Your Spells              Type           Power      Damage    Failure   Level
a - Magic Dart            Conj           100%       1d8       1%          1
b - Searing Ray           Conj           100%       2d8       1%          2
c - Iskenderun's Mystic   Conj/Tloc      34%        2d8       2%          4
d - Freezing Cloud        Conj/Ice/Air   13%        6-21      12%         5

Your spell library contained the following spells:

 Spells                   Type           Power      Damage    Failure   Level
 Fulminant Prism          Conj/Alch      17%        3d10      2%          4
 Animate Dead             Necr           12%        N/A       43%         4
 Borgnjor's Vile Clutch   Necr/Erth      6%         N/A       78%         5
 Death Channel            Necr           6%         N/A       100%        6


Dungeon Overview and Level Annotations

Branches:
Dungeon (7/15)             Temple (1/1) D:6         Ossuary (visited)

Altars:
Ashenzari
Cheibriados
Dithmenos
Elyvilon
Gozag
Hepliaklqana
Kikubaaqudgha
Makhleb
Nemelex Xobeh
Okawaru
Qazlal
Ru
Sif Muna
Uskayaw
Vehumet
Wu Jian
Xom
Yredelemnul
Zin
The Shining One

Shops:
D:3 :[((

Annotations:
D:2 1 runed translucent door, Crazy Yiuf
D:3 2 runed translucent doors, exclusion: upstairs, lasso's ghost, amateur OpSh


Innate Abilities, Weirdness & Mutations

You have sharp claws.
You have razor-sharp teeth.
You have supernaturally acute eyesight. (SInv)
You are covered in thick fur. (AC +2)
Your paws help you pounce on unaware monsters.
You are incapable of wielding weapons or throwing items.
You cannot wear armour.
You gain extra lives every three experience levels.


Message History

The orc warrior is almost dead.
The orc warrior misses you. The orc warrior barely misses you.
The orc warrior hits you with a +0 war axe!!
You die...
You rejoin the land of the living...
Unknown command.
Unknown command.
There's nothing to open nearby.
There's nothing to open nearby.
No target in view!
There is an open door here.
Things that are here:
a +0 club; a +0 scale mail; an orc corpse Unknown command.
You scratch the orc warrior but do no damage.
The orc warrior is almost dead.
The orc warrior closely misses you.
You scratch the orc warrior but do no damage.
Your bite misses the orc warrior.
The orc warrior is almost dead.
The orc warrior hits you with a +0 war axe!
Enter note:
Enter note:
Enter note: Unknown command.
Enter note: The orc warrior misses you.
Things that are here:
a +0 trident; a +0 scale mail; an orc corpse You scratch the orc warrior but do no damage.
You bite the orc warrior, but do no damage.
The orc warrior is almost dead.
The orc warrior hits you with a +0 war axe!
The orc warrior hits you with a +0 war axe!
* * * LOW HITPOINT WARNING * * *
The orc warrior barely misses you.
Unknown command.
The orc warrior hits you with a +0 war axe.
You die...

#................#####..
#....#'##...............
#....#..#...............
#...†'..#...............
#....#).###+#####.......
#....#.)##......#....###
#....#..........'....#
#....#..o)).##..#....#
#....#.@....#####....#
#....#..........#....###
#....#..##..##..#.......
#....#..##..# .#.......
#....#?.....# #.......
#....#......# #.......
#....#†.##..# #.......
#....#..##..# .........
#....#......# ...#######


You could see an orc warrior.

Vanquished Creatures
  A hornet (D:7)
  An orc warrior (D:6)
  2 ice beasts
  A black bear (D:6)
  An ogre (D:4)
  A centaur (D:7)
  A phantom (D:5)
  A burial acolyte (Ossuary)
  11 wights
  3 hounds
  A gnoll bouda (D:3)
  4 jellies
  4 orc priests
  Jessica (D:1)
  Terence (D:2)
  2 iguanas
  Natasha (thrice) (D:3)
  5 orc wizards
  Robin (D:2)
  10 adders
  7 gnolls
  4 ufetubi
  2 ribbon worms
  6 dart slugs
  30 orcs
  7 endoplasms
  2 giant cockroaches (D:1)
  13 hobgoblins
  10 jackals
  4 kobolds
  3 quokkas
  7 ball pythons
  2 ball python skeletons (Ossuary)
  8 bats
  6 frilled lizards
  13 goblins
  2 hobgoblin skeletons (Ossuary)
  A kobold skeleton (Ossuary)
  4 orc skeletons (Ossuary)
  6 rats
192 creatures vanquished.

Notes
Turn   | Place    | Note
-------+----------+-------------------------------------------
     0 | D:1      | 112233 the Felid Conjurer began the quest for the Orb.
     0 | D:1      | Reached XP level 1. HP: 9/9 MP: 4/4
   137 | D:1      | Reached XP level 2. HP: 13/13 MP: 0/6
   856 | D:1      | Reached XP level 3. HP: 16/16 MP: 4/8
   984 | D:1      | Reached skill level 3 in Spellcasting
  1322 | D:2      | Noticed Jessica
  1329 | D:1      | Killed Jessica
  1333 | D:1      | Learned a level 2 spell: Searing Ray
  1388 | D:1      | Reached XP level 4. HP: 19/21 MP: 2/10
  1388 | D:1      | Gained a life (2 lives remaining)
  1580 | D:2      | Reached skill level 4 in Spellcasting
  1649 | D:2      | Found a radiant altar of Vehumet.
  1654 | D:2      | Noticed Terence
  1668 | D:2      | Became a worshipper of Vehumet
  1682 | D:3      | Found Cubaupte's Book Emporium.
  1838 | D:3      | Noticed Natasha
  1841 | D:3      | Killed Natasha
  1870 | D:3      | Noticed Natasha
  1877 | D:3      | Killed Natasha
  1878 | D:3      | Reached XP level 5. HP: 15/24 MP: 5/13
  1958 | D:3      | Found a large runed translucent door.
  1958 | D:3      | Found a large runed translucent door.
  1961 | D:3      | Noticed lasso's ghost (amateur OpSh)
  1985 | D:3      | Reached skill level 5 in Spellcasting
  2143 | D:3      | Reached * piety under Vehumet
  2143 | D:3      | Offered knowledge of Shock by Vehumet.
  2165 | D:3      | Noticed Natasha
  2169 | D:3      | Killed Natasha
  2410 | D:3      | Found Comaic's Weapon Shoppe.
  2426 | D:3      | Found Oteesm's Weapon Shop.
  2457 | D:3      | Found Vept's Antique Armour Boutique.
  2809 | D:2      | Killed Terence
  2810 | D:2      | Gained mutation: You are covered in thick fur. (AC +2)
                  | [Felid growth]
  2810 | D:2      | Reached XP level 6. HP: 10/28 MP: 4/15
  3122 | D:2      | Reached ** piety under Vehumet
  3124 | D:2      | Offered knowledge of Sting by Vehumet.
  3127 | D:2      | Noticed Robin
  3332 | D:2      | Killed Robin
  3701 | D:2      | Found a runed translucent door.
  3702 | D:2      | Noticed Crazy Yiuf
  4180 | D:4      | Reached skill level 6 in Spellcasting
  4301 | D:4      | Found a sand-covered staircase.
  4310 | Ossuary  | Entered an ossuary
  4664 | Ossuary  | Reached XP level 7. HP: 32/32 MP: 12/17
  4763 | Ossuary  | Reached skill level 5 in Conjurations
  4810 | Ossuary  | Mangled by a wight
  4810 | Ossuary  | Lost a life (1 life remaining)
  4900 | D:4      | Offered knowledge of Scorch by Vehumet.
  5362 | D:4      | Reached *** piety under Vehumet
  5642 | D:4      | Reached skill level 7 in Spellcasting
  5884 | D:5      | Entered Level 5 of the Dungeon
  5989 | D:5      | Found a broken altar of Ashenzari.
  5995 | D:5      | Reached XP level 8. HP: 36/36 MP: 15/19
  5995 | D:5      | Gained a life (2 lives remaining)
  6150 | D:5      | Offered knowledge of Olgreb's Toxic Radiance by Vehumet.
  7131 | D:6      | Found a staircase to the Ecumenical Temple.
  7146 | Temple   | Entered the Ecumenical Temple
  7184 | D:6      | Reached **** piety under Vehumet
  7240 | D:6      | Reached skill level 8 in Spellcasting
  7430 | D:6      | Learned a level 4 spell: Iskenderun's Mystic Blast
  7483 | D:6      | Offered knowledge of Freezing Cloud by Vehumet.
  7533 | D:6      | Learned a level 5 spell: Freezing Cloud
  7948 | D:7      | Reached XP level 9. HP: 39/39 MP: 18/22
  8184 | D:7      | Reached skill level 9 in Spellcasting
  8304 | D:7      | Slain by an orc warrior
  8304 | D:7      | Lost a life (1 life remaining)
  8339 | D:7      | Slain by an orc warrior
  8339 | D:7      | Lost a life (0 lives remaining)
  8354 | D:7      | Slain by an orc warrior

Illustrated notes

Levels and vault maps discovered:
D:1:      scummos_arrival_checkerplants, layout_basic, skrybe_limestone_x,
          supply_closet_lemuel, grunt_decor_resistance,
          chequers_serial_rivers_micro_c, minmay_strange_pillars, st_stairs_10
D:2:      layout_rooms, basic_altar, small_statue_intersection, uniq_terence,
          uniq_robin, uniq_crazy_yiuf_cottage, uniq_jessica
D:3:      layout_rooms, ebering_ghost_disaster_area, serial_shops,
          nicolae_shop_advertising_works [nicolae_subvault_shop_adworks], shop,
          shop, nicolae_book_shop_shelving, minmay_bisected, uniq_natasha
D:4:      layout_gridville, lightli_ossuary_entry_decrepit_ruins
D:5:      layout_loops_ring, mainiacjoe_overflow_chevrons
D:6:      layout_rooms, minmay_temple_entry_drinking_statues
D:7:      layout_gridville, uniq_jeremiah
Temple:   regret_index_temple_chain_breaker

Skill      XL: |  1  2  3  4  5  6  7  8  9 |
---------------+----------------------------+-----
Dodging        | 3 |  3.0
Stealth        | 3 |  3.0
Spellcasting   | 3 4 5 6 7 8 9 |  9.1
Conjurations   | 4 5 7 8 |  8.1

Action                     |  1- 3 |  4- 6 |  7- 9 || total
---------------------------+-------+-------+-------++-------
  Melee: Unarmed           |     4 |     4 |    10 ||    18
         Bite              |     1 |       |     2 ||     3
   Cast: Magic Dart        |    67 |   135 |   172 ||   374
         Searing Ray       |     2 |    27 |    44 ||    73
    Use: Potion            |     2 |       |       ||     2
         Scroll            |       |     1 |       ||     1
 Armour: Skin              |    19 |    19 |    35 ||    73
  Dodge: Dodged            |    17 |    30 |    51 ||    98
